 Dungeon Crawl Stone Soup version 0.21-a0-518-g43a1781 (webtiles) character file.

502 theanonym the Chopper (level 6, 0/51 HPs)
             Began as a Demonspawn Fighter on Dec 4, 2017.
             Slain by an iguana (4 damage)
             ... on level 5 of the Dungeon.
             The game lasted 00:07:09 (4778 turns).

theanonym the Chopper (Demonspawn Fighter)          Turns: 4778, Time: 00:07:09

Health: 0/51       AC: 11    Str: 18    XL:     6   Next: 95%
Magic:  0/6        EV:  7    Int:  9    God:
Gold:   224        SH:  9    Dex: 15    Spells: 5/5 levels left

rFire    + . .     SeeInvis .   a - +0 war axe
rCold    . . .     Gourm    .   c - +0 shield
rNeg     . . .     Faith    .   x - +4 scale mail {10}
rPois    .         Spirit   +   s - +0 helmet
rElec    .         Reflect  .   h - scarf {Spirit}
rCorr    .         Harm     .   (no gloves)
MR       .....                  (no boots)
Stlth    ++........             (no amulet)
HPRegen  0.17/turn              m - ring of flight {+Fly}
MPRegen  0.10/turn              (no ring)

@: lethally poisoned (0 -> -1), hasted, very quick
A: thin skeletal structure 1, fire resistance 1, nightstalker 1
a: Evoke Flight


Innate Abilities, Weirdness & Mutations

You have a somewhat thin skeletal structure. (Dex +2, Stealth)
Your flesh is heat resistant. (rF+)
You are slightly more attuned to the shadows.


   Skills:
 + Level 5.1 Fighting
 * Level 5.7 Axes
 - Level 2.6 Armour
 - Level 2.6 Shields


You had 5 spell levels left.
You didn't know any spells.

Skill      XL: |  1  2  3  4  5  6 |
---------------+-------------------+-----
Axes           | 2 3 4 5 |  5.7
Fighting       | 4 5 |  5.1
Armour         | |  2.6
Shields        | |  2.6

Action                   |  1- 3 |  4- 6 || total
-------------------------+-------+-------++-------
Melee: War axe           |    89 |   345 ||   434
  Use: Scroll            |       |     7 ||     7
       Potion            |       |     3 ||     3
 Stab: Sleeping          |       |     2 ||     2
       Distracted        |       |     1 ||     1
  Eat: Chunk             |     2 |     8 ||    10
       Royal jelly       |       |     1 ||     1
Armor: Scale mail        |    67 |   160 ||   227
       Chain mail        |       |    11 ||    11
Dodge: Dodged            |    21 |   106 ||   127
Block: Shield            |    57 |   167 ||   224

Inventory:

Hand Weapons
 a - a +0 war axe (weapon)
Armour
 b - a +0 scale mail {10}
 c - a +0 shield (worn)
 h - a scarf of spirit shield (worn)
   (You found it on level 1 of the Dungeon)
 q - a +0 chain mail
   (You took it off an orc on level 4 of the Dungeon)
 s - a +0 helmet (worn)
   (You found it on level 2 of the Dungeon)
 x - a +4 scale mail (worn) {10}
   (You found it on level 5 of the Dungeon)
Jewellery
 m - a ring of flight (left hand) {+Fly}
   (You found it on level 1 of the Dungeon)
Scrolls
 f - 2 scrolls of fog {!r}
 i - a scroll of enchant armour {unknown}
 j - 2 scrolls of magic mapping {unknown}
 n - 2 scrolls of fear {!r}
 r - a scroll of silence {unknown}
 t - a scroll of immolation {unknown}
 u - 3 scrolls of amnesia {unknown}
 v - 2 scrolls of teleportation {unknown}
Potions
 d - a potion of might
 o - a potion of invisibility {unknown}
 p - a potion of brilliance
 w - 4 potions of curing
Comestibles
 e - a meat ration
 g - 4 bread rations
 l - a royal jelly

Dungeon Overview and Level Annotations

Branches:
Dungeon (5/15)
 Temple: D:4-7

Altars:
Makhleb
Wu Jian
Xom

Annotations:
D:3 Regeox's ghost, amateur HOBe
D:4 Sigmund


You were on level 5 of the Dungeon.
You were very hungry.

You visited 1 branch of the dungeon, and saw 5 of its levels.

You collected 224 gold pieces.


Message History

You barely miss the adder. You block the adder's attack.
The crimson imp blinks!
The adder bites you but does no damage.
You miss the adder. The adder bites you but does no damage.
You block the adder's attack.
You closely miss the adder. The adder bites you but does no damage.
The crimson imp blinks!
You block the adder's attack. You block the adder's attack.
You block the adder's attack.
MP restored: 6 You closely miss the adder.
You block the adder's attack.
The crimson imp blinks!
You block the adder's attack.
You barely miss the adder. You block the adder's attack.
You barely miss the adder. The adder closely misses you.
The adder barely misses you.
You miss the adder.
The crimson imp lashes its tail.
The crimson imp blinks!
You block the adder's attack.
You hit the adder but do no damage. You block the adder's attack.
The adder barely misses you.
You miss the adder. You block the adder's attack. x2
You closely miss the adder. The adder bites you but does no damage.
You slash the adder! The adder bites you but does no damage.
You block the adder's attack.
You closely miss the adder. The adder bites you but does no damage.
The crimson imp shouts, "Scamper away, thou erky full-gorged bum-bailey!"
You block the adder's attack.
You closely miss the adder.
You are feeling very hungry.
The adder barely misses you. You block the adder's attack.
You barely miss the adder. The adder bites you but does no damage.
Unknown command.
Unknown command.
Unknown command.
Unknown command.
You closely miss the adder. The adder bites you.
The adder bites you but does no damage.
You closely miss the adder. The adder bites you but does no damage.
The adder barely misses you.
You closely miss the adder. The adder bites you but does no damage.
You barely miss the adder. The adder bites you.
The crimson imp blinks!
You block the adder's attack.
You take 1 damage, and have 47/51 hp.
You miss the adder. The adder closely misses you. The adder bites you.
You are poisoned.
The adder poisons you!
You take 2 damage, and have 45/51 hp.
Your shield prevents you from hitting the adder.
You feel sick. You block the adder's attack.
You closely miss the adder.
You feel sick. You block the adder's attack. The crimson imp puffs mist at you.
You block the adder's attack.
You take 1 damage, and have 44/51 hp.
You miss the adder. The adder bites you but does no damage.
The crimson imp blinks!
The adder bites you but does no damage.
You slash the adder!
You kill the adder!
You feel sick. You block the iguana's attack.
You take 1 damage, and have 43/51 hp.
You hit the iguana but do no damage. The iguana closely misses you.
You hit the iguana but do no damage.
You feel sick.
The crimson imp blinks!
The iguana bites you but does no damage.
You take 1 damage, and have 43/51 hp.
You hit the iguana but do no damage. You block the iguana's attack.
You barely miss the iguana.
You feel sick. The iguana bites you! The iguana bites you.
You take 13 damage, and have 30/51 hp.
MASSIVE DAMAGE!!
You now have 5/6 mp.
You completely miss the iguana. You block the iguana's attack.
You barely miss the iguana. The iguana bites you!
* * * LOW HITPOINT WARNING * * *
You take 5 damage, and have 25/51 hp.
You now have 4/6 mp.
You are too injured to fight recklessly!
You are too injured to fight recklessly!
You are too injured to fight recklessly!
You are too injured to fight recklessly!
You are too injured to fight recklessly!
You are too injured to fight recklessly!
You are too injured to fight recklessly!
You are too injured to fight recklessly!
Unknown command.
You are too injured to fight recklessly!
You are too injured to fight recklessly!
You are too injured to fight recklessly!
You are too injured to fight recklessly!
You feel yourself speed up. The iguana closely misses you.
You slash the iguana!
You feel sick. The iguana bites you.
* * * LOW HITPOINT WARNING * * *
You take 4 damage, and have 21/51 hp.
You barely miss the iguana. The iguana bites you!
* * * LOW MAGIC WARNING * * *;
* * * LOW HITPOINT WARNING * * *
You hit the iguana. You block the iguana's attack.
You hit the iguana. The iguana bites you!
* * * LOW MAGIC WARNING * * *;
* * * LOW HITPOINT WARNING * * *
You take 17 damage, and have 4/51 hp.
MASSIVE DAMAGE!!
You now have 0/6 mp.
You barely miss the iguana.
You feel sick.
The iguana bites you but does no damage.
You hit the iguana.
Your shield prevents you from hitting the iguana.
The iguana bites you.
* * * LOW MAGIC WARNING * * *
You die...

...##.# ....#..
......# .....#
.>.# .. #)######
#. #..5wl@# #.
#..#####
######.####..####
....##.....<.....#
###.##.....5?#####
#.###.##..##
###.###.##.##
......<.....#
.##.###.##[.#


You could see an iguana, a crimson imp and a dart slug.

Notes
Turn   | Place    | Note
-------+----------+-------------------------------------------
     0 | D:1      | theanonym the Demonspawn Fighter began the quest for the Orb.
     0 | D:1      | Reached XP level 1. HP: 18/18 MP: 1/1
   193 | D:1      | Reached skill level 2 in Axes
   376 | D:1      | HP: 8/18 [rat (2)]
   377 | D:1      | Gained mutation: Your flesh is heat resistant. (rF+) [demonic ancestry]
   377 | D:1      | Reached XP level 2. HP: 11/24 MP: 2/2
   995 | D:2      | Gained mutation: You have a somewhat thin skeletal structure. (Dex +2, Stealth) [demonic ancestry]
   995 | D:2      | Reached XP level 3. HP: 19/29 MP: 3/3
  1158 | D:2      | Reached skill level 3 in Axes
  1403 | D:2      | Gained mutation: You are slightly more attuned to the shadows. [demonic ancestry]
  1403 | D:2      | Reached XP level 4. HP: 33/37 MP: 2/4
  1775 | D:2      | Reached skill level 4 in Fighting
  1843 | D:2      | Found a burning altar of Makhleb.
  2094 | D:3      | Reached skill level 4 in Axes
  2154 | D:3      | Reached XP level 5. HP: 30/42 MP: 5/5
  2570 | D:3      | Noticed Regeox's ghost (amateur HOBe)
  2893 | D:4      | HP: 17/42 [orc/morningstar (6)]
  2903 | D:4      | HP: 20/43 [something/magic dart (6)]
  2912 | D:4      | HP: 11/43 [something (4)]
  3135 | D:4      | HP: 18/43 [hound (4)]
  3137 | D:4      | Reached XP level 6. HP: 21/49 MP: 2/6
  3374 | D:4      | Reached skill level 5 in Axes
  3551 | D:4      | Found an ornate altar of the Wu Jian Council.
  3649 | D:4      | Noticed Sigmund
  4378 | D:5      | Entered Level 5 of the Dungeon
  4409 | D:5      | Noticed an ice beast
  4431 | D:5      | Killed an ice beast
  4431 | D:5      | Reached skill level 5 in Fighting
  4685 | D:5      | Found a shimmering altar of Xom.
  4770 | D:5      | HP: 25/51 [iguana (6)]
  4775 | D:5      | HP: 4/51 [iguana (9)]
  4778 | D:5      | Slain by an iguana

Vanquished Creatures
  An ice beast (D:5)
  A scorpion (D:4)
  A crimson imp (D:4)
  2 hounds (D:4)
  An orc priest (D:5)
  A bullfrog skeleton (D:2)
  An orc wizard (D:4)
  7 adders
  An ooze (D:3)
  2 worms
  2 dart slugs
  6 leopard geckos
  15 orcs
  A ball python (D:3)
  4 giant cockroaches
  6 goblins
  5 hobgoblins
  7 jackals
  6 kobolds
  3 quokkas
  13 bats
  6 frilled lizards
  4 rats
96 creatures vanquished.

Table legend:
 A = Turns spent in this place as a percentage of turns spent in the entire game.
 B = Non-inter-level travel turns spent in this place as a percentage of non-inter-level travel turns spent in the entire game.
 C = Inter-level travel turns spent in this place as a percentage of turns spent in this place.
 D = Turns resting spent in this place as a percentage of non-inter-level travel turns spent in this place.
 E = Turns spent auto-exploring this place as a percentage of non-inter-level travel turns spent in this place.
 F = Non-inter-level travel turns spent in this place divided by the number of levels of this place that you've seen.
                   A       B       C       D       E      F
               +-------+-------+-------+-------+-------+----------------------
         Total | 100.0 | 100.0 |   3.5 |  29.8 |  50.6 | 922.6
       Dungeon | 100.0 | 100.0 |   3.5 |  29.8 |  50.6 | 922.6
               +-------+-------+-------+-------+-------+----------------------
